[Event "Budapest Chess Festival 2024"]
[Site "Budapest"]
[Date "2024.05.27"]
[Round "5.19"]
[White "Juhasz, Agoston"]
[Black "Sahib Singh"]
[Result "1-0"]
[ECO "B90"]
[WhiteElo "2431"]
[BlackElo "2291"]
[Annotator "RC"]
[PlyCount "163"]
[EventDate "2024.05.20"]
[EventType "swiss"]
[EventCountry "HUN"]
[SourceTitle "playchess.com"]
[Source "ChessBase"]
[SourceQuality "1"]
[TimeControl "40/5400+30:1800+30"]

1. e4 c5 2. Nf3 d6 3. d4 cxd4 4. Nxd4 Nf6 5. Nc3 a6 6. h3 g6 7. Be3 Bg7 8. Qd2 O-O 9. O-O-O b5 10. a3 Bb7 11. f3 Nc6 12. Kb1 Rc8 13. g4 Ne5 14. Be2 Nc4 15. Bxc4 Rxc4 16. Nde2 Nd7 17. Bh6 Ne5 18. Bxg7 Kxg7 19. f4 Nd7 20. b3 Rc8 21. h4 Qb6 22. h5 Nf6 23. Ng3 Nxg4 24. Rdg1 f5 25. Nge2 Qe3 26. Qxe3 Nxe3 27. hxg6 hxg6 28. Rh3 Ng4 29. Nd4 Kf6 30. exf5 gxf5 31. Rh5 e6 32. Re1 Rfe8 33. Kb2 Kg6 34. Rg5+ Kf7 35. Rh5 Nf6 36. Rh6 Re7 37. Rg1 Rce8 38. Rg5 Bc8 39. Nce2 Rf8 40. Nc6 Ree8 41. Ne5+ dxe5 42. fxe5 Ke7 43. Rg7+ Kd8 44. exf6 e5 45. Rh1 Be6 46. Rd1+ Kc8 47. Rd6 Bf7 48. Ng3 f4 49. Ne4 Rd8 50. Rxa6 f3 51. Rg5 Rde8 52. Rd6 Rg8 53. Rf5 Rg4 54. Nf2 Rg3 55. Rd3 e4 56. Re3 Bg6 57. Rf4 Rg2 58. Nxe4 Re2 59. Rc3+ Kb8 60. Ng3 Rg2 61. Rfxf3 Rc8 62. Rxc8+ Kxc8 63. Nf5 Kd8 64. Ne3 Re2 65. f7 Bxf7 66. Rxf7 Rxe3 67. Rf5 b4 68. axb4 Kc7 69. Ka3 Kb6 70. Rf6+ Kb7 71. Ka4 Re5 72. c4 Rg5 73. b5 Rg4 74. Ka5 Rg7 75. c5 Rg3 76. Rf7+ Ka8 77. Kb6 Rg8 78. Ra7+ Kb8 79. c6 Rg6 80. Re7 Rg8 81. Rb7+ Kc8 82. Ra7 1-0

[Event "Budapest Chess Festival 2024"]
[Site "Budapest"]
[Date "2024.05.27"]
[Round "5.20"]
[White "Citak, Selim"]
[Black "Willow, Jonah B"]
[Result "1/2-1/2"]
[ECO "E32"]
[WhiteElo "2327"]
[BlackElo "2417"]
[Annotator "RC"]
[PlyCount "147"]
[EventDate "2024.05.20"]
[EventType "swiss"]
[EventCountry "HUN"]
[SourceTitle "playchess.com"]
[Source "ChessBase"]
[SourceQuality "1"]
[TimeControl "40/5400+30:1800+30"]

1. d4 Nf6 2. c4 e6 3. Nc3 Bb4 4. Qc2 b6 5. a3 Bxc3+ 6. Qxc3 a5 7. b3 O-O 8. Nf3 Bb7 9. e3 Ne4 10. Qc2 d6 11. Be2 f5 12. Bb2 Nd7 13. O-O Qe8 14. Rad1 Qg6 15. d5 e5 16. Nd2 Nxd2 17. Rxd2 Qh6 18. f4 Rae8 19. Bd3 g6 20. Rdf2 Nf6 21. h3 Nh5 22. Kh2 Bc8 23. Qd2 Nf6 24. Kg1 Qh4 25. Bc2 Rf7 26. b4 Ba6 27. b5 Bc8 28. a4 Nd7 29. Kh2 Qh6 30. Rf3 Rfe7 31. Rg3 Nc5 32. Qc3 Qg7 33. Qd2 Qh6 34. Qc3 Qg7 35. Qd2 Qf6 36. Qc3 Nd7 37. Qd2 Nc5 38. Qc3 Nd7 39. Qd2 Qf8 40. Qc3 Rf7 41. Rg5 Qg7 42. Qd2 Qh6 43. Rf3 Nf6 44. Qc3 Qh4 45. Rgg3 Rfe7 46. Ba1 Kf7 47. Bb2 Rg8 48. fxe5 Rxe5 49. Rf4 Qh6 50. Qd2 Nh5 51. Rgf3 Nxf4 52. Bxe5 dxe5 53. exf4 e4 54. Rc3 Qf8 55. c5 bxc5 56. Qe3 Qd6 57. g3 Bd7 58. Rxc5 g5 59. fxg5 Rxg5 60. Bb3 h6 61. Rxc7 Ke8 62. b6 Kd8 63. Qc3 Qxb6 64. Rc5 Rg6 65. Qxa5 Qxa5 66. Rxa5 Rb6 67. Bc4 Rb2+ 68. Kg1 Rb4 69. Bb5 Bxb5 70. Rxb5 Rxa4 71. d6 Ra1+ 72. Kf2 Ra2+ 73. Kf1 Ra3 74. Rxf5 1/2-1/2

[Event "Budapest Chess Festival 2024"]
[Site "Budapest"]
[Date "2024.05.28"]
[Round "6.1"]
[White "Ivanisevic, Ivan"]
[Black "Nasuta, Grzegorz"]
[Result "1/2-1/2"]
[ECO "D10"]
[WhiteElo "2537"]
[BlackElo "2547"]
[Annotator "RC"]
[PlyCount "114"]
[EventDate "2024.05.20"]
[EventType "swiss"]
[EventCountry "HUN"]
[SourceTitle "playchess.com"]
[Source "ChessBase"]
[SourceQuality "1"]
[TimeControl "40/5400+30:1800+30"]

1. d4 d5 2. c4 c6 3. Nc3 Nf6 4. e3 e6 5. Bd3 Nbd7 6. b3 e5 7. Nge2 e4 8. Bc2 Bd6 9. f3 exf3 10. gxf3 O-O 11. O-O Nh5 12. Qe1 dxc4 13. bxc4 c5 14. Ne4 Be7 15. Bb2 f5 16. N4g3 Nxg3 17. hxg3 Nb6 18. Nf4 Nxc4 19. Bb3 b5 20. Rc1 Kh8 21. Bxc4 bxc4 22. dxc5 Bf6 23. Rd1 Qe8 24. Bxf6 Rxf6 25. Qc3 Bb7 26. Kg2 Rc8 27. Rd6 Rxd6 28. cxd6 Kg8 29. Rd1 Qc6 30. Rd5 Qd7 31. Rd4 Kf8 32. Rxc4 Rxc4 33. Qxc4 Qxd6 34. Ne6+ Ke7 35. Nxg7 Qd2+ 36. Kh3 Bxf3 37. Nxf5+ Kf6 38. Nh4 Qxe3 39. Qf1 Qe6+ 40. Kh2 Qe2+ 41. Kg1 Qxf1+ 42. Kxf1 Bd5 43. a3 Ke5 44. Ke2 Kd4 45. Nf5+ Kc3 46. Ke3 a6 47. Ne7 Bf7 48. Nc6 Be8 49. Ne5 a5 50. g4 Kb3 51. Kd4 Kxa3 52. Kc3 h6 53. Nc4+ Ka4 54. Nd6 Bd7 55. Nf7 Bxg4 56. Nxh6 Be6 57. Kb2 Kb4 1/2-1/2

[Event "Budapest Chess Festival 2024"]
[Site "Budapest"]
[Date "2024.05.28"]
[Round "6.2"]
[White "Aryan Chopra"]
[Black "Costa, Leonardo"]
[Result "1/2-1/2"]
[ECO "C45"]
[WhiteElo "2641"]
[BlackElo "2486"]
[Annotator "TA"]
[PlyCount "62"]
[EventDate "2024.05.20"]
[EventType "swiss"]
[EventCountry "HUN"]
[SourceTitle "playchess.com"]
[Source "ChessBase"]
[SourceQuality "1"]
[TimeControl "40/5400+30:1800+30"]

1. e4 e5 2. Nf3 Nc6 3. d4 exd4 4. Nxd4 Nf6 5. Nxc6 bxc6 6. e5 Qe7 7. Qe2 Nd5 8. h4 Qe6 9. Nd2 a5 10. g3 Nb4 11. Nf3 Ba6 12. c4 $1 Qg6 13. Kd1 {[%emt 0:00:11] Prevents Nc2. aiming for a3.} c5 $1 14. a3 Nc6 15. h5 Qe6 16. Bd2 Be7 {[%emt 0:00:04] Against Rh4} 17. Bc3 Rb8 18. h6 g5 19. Rh5 Rg8 20. Rc1 (20. Qd3 $11) 20... g4 ({Black should try} 20... Rg6 $15) 21. Nd2 $11 Rg5 22. Rxg5 Bxg5 23. Rc2 Nd4 24. Bxd4 cxd4 25. Qe4 Qxh6 (25... Bxh6 $15 26. Qxh7 Qg6 27. Qxg6 fxg6) 26. Qxg4 Bxd2 $1 {[%emt 0:00:15] The position is equal.} 27. Qg8+ Ke7 28. Qxb8 Qh1 {[%emt 0:00:02] Prevents Qa8.} 29. Kxd2 Qxf1 30. Qxc7 Qxf2+ 31. Kd1 Qf1+ {[%emt 0:00:07] Weighted Error Value: White=0.08 (flawless) /Black=0.10 (very precise) .  Mistake:       	White=1     	Black=2      Inaccurate:     	White=2     	---        OK:         	White=15    	Black=12     Best:        	White=1     	Black=1      Strong:       	White=1     	Black=2} 1/2-1/2

[Event "Budapest Chess Festival 2024"]
[Site "Budapest"]
[Date "2024.05.28"]
[Round "6.3"]
[White "Shohat, Yotam"]
[Black "Onyshchuk, Volodymyr"]
[Result "0-1"]
[ECO "C67"]
[WhiteElo "2410"]
[BlackElo "2619"]
[Annotator "RC"]
[PlyCount "198"]
[EventDate "2024.05.20"]
[EventType "swiss"]
[EventCountry "HUN"]
[SourceTitle "playchess.com"]
[Source "ChessBase"]
[SourceQuality "1"]
[TimeControl "40/5400+30:1800+30"]

1. e4 e5 2. Nf3 Nc6 3. Bb5 Nf6 4. O-O Nxe4 5. Re1 Nd6 6. Nxe5 Be7 7. Bf1 Nf5 8. Nf3 d5 9. d4 O-O 10. Nc3 Bb4 11. a3 Bxc3 12. bxc3 Re8 13. Rxe8+ Qxe8 14. Bf4 Nd6 15. Bd3 h6 16. h3 Be6 17. Ne5 Nxe5 18. dxe5 Ne4 19. c4 Nc3 20. Qe1 dxc4 21. Qxc3 cxd3 22. cxd3 Qd7 23. Rc1 c6 24. Be3 Rd8 25. Bxa7 Qxd3 26. Bb6 Qxc3 27. Rxc3 Rd1+ 28. Kh2 Rb1 29. Bc5 b5 30. h4 h5 31. Bd6 Rb2 32. Kg3 Bd5 33. Rd3 Kh7 34. Rd4 Ra2 35. Bb4 Rc2 36. Bd6 Be6 37. Rd1 Kg6 38. f3 Kf5 39. Rf1 Bd5 40. Rf2 Rc3 41. Rb2 Bc4 42. Rd2 Bd5 43. Bb4 Rc4 44. Bd6 Ke6 45. Rb2 Kd7 46. Rb4 Rc2 47. a4 Bc4 48. axb5 cxb5 49. Rb1 Kc6 50. Kh3 g6 51. Kg3 Kb6 52. Bb4 Re2 53. Bd6 Ka5 54. Kh2 Ba2 55. Rb4 Rd2 56. Kg3 Rc2 57. Be7 Re2 58. Bd6 Rd2 59. Be7 Kb6 60. Bd6 Kc6 61. Be7 Bc4 62. Rb1 Kd5 63. Bf6 Bd3 64. Rb4 Bf1 65. Kf4 Rxg2 66. Rd4+ Kc5 67. Rd7 Bc4 68. Be7+ Kc6 69. Rd6+ Kc7 70. Rd4 Be6 71. Rd3 Rb2 72. Rd4 Rf2 73. Ke3 Rf1 74. Ke2 Rh1 75. Kf2 Kb6 76. Bb4 Kb7 77. Be7 Bc4 78. Rd7+ Kc6 79. Rd6+ Kc7 80. Rd4 Rb1 81. Kg3 Kb6 82. Kf4 Ka5 83. Kg5 Ka4 84. f4 Rf1 85. Kh6 Kb3 86. Kg7 Kc3 87. Bc5 b4 88. e6 fxe6 89. Kxg6 b3 90. Rd6 Rxf4 91. Rb6 Rxh4 92. Be7 Rh1 93. Bf6+ Kd3 94. Kg5 h4 95. Kg4 h3 96. Kg3 Bd5 97. Rb4 Rf1 98. Be5 Rf3+ 99. Kh2 Re3 0-1

[Event "Budapest Chess Festival 2024"]
[Site "Budapest"]
[Date "2024.05.28"]
[Round "6.4"]
[White "Dragnev, Valentin"]
[Black "Sokolovsky, Yahli"]
[Result "0-1"]
[ECO "B52"]
[WhiteElo "2566"]
[BlackElo "2484"]
[Annotator "TA"]
[PlyCount "78"]
[EventDate "2024.05.20"]
[EventType "swiss"]
[EventCountry "HUN"]
[SourceTitle "playchess.com"]
[Source "ChessBase"]
[SourceQuality "1"]
[TimeControl "40/5400+30:1800+30"]

1. e4 c5 2. Nf3 d6 3. Bb5+ Bd7 4. c4 Nc6 5. d4 cxd4 6. Nxd4 g6 7. Nc3 Nf6 8. O-O Bg7 {[%emt 0:01:11][%cal Of6e4] The position is equal.} 9. Bxc6 bxc6 10. c5 O-O 11. h3 Qb8 12. Qe2 e5 13. Nb3 d5 14. exd5 $1 Nxd5 15. Bd2 Be6 16. Rfd1 f5 (16... Qc7 $15) 17. Nd4 $1 $11 Nxc3 18. bxc3 (18. Bxc3 {simplifies} Bd5 19. Nb5 a5 20. Nd6) 18... Bd5 (18... exd4 19. Qxe6+ Kh8 20. cxd4 $16 (20. Qxc6 $2 dxc3 21. Bxc3 Bxc3 $19)) 19. c4 $1 Bxg2 (19... exd4 $6 20. cxd5 Qe8 21. Qa6 $16) (19... Bf7 $1 $11 20. Nxc6 Qc7) 20. Ne6 $1 $14 (20. Kxg2 exd4 21. Qe6+ Rf7 $11) 20... f4 $1 21. Nxg7 $1 f3 (21... Bxh3 $2 22. Bc3 Rf7 23. Rd6 (23. Bxe5 Re7 $18) (23. Qxe5 Qxe5 24. Bxe5 Rxg7 $18) 23... Kxg7 24. Bxe5+ Kg8 25. Rxg6+ (25. Rxc6 $2 Qd8 $19) 25... hxg6 26. Bxb8 Rxb8 27. Rd1 $18) 22. Qe3 (22. Qe4 $1 $14 Kxg7 23. Bc3 (23. Qxc6 Qc8 $11)) 22... Qc8 23. Qxe5 {[%emt 0:01:21] Threatening mate with Ne6.} (23. Qh6 $5 Qd7 24. Qh4 Qxg7 (24... Kxg7 25. Bh6+ Kg8 26. Rxd7 Rae8 27. Bxf8 h5 28. Rg7+ Kh8 29. Qg5 Rxf8 30. Qh6#) 25. Bh6 $16) 23... Qxh3 24. Qe6+ Kxg7 25. Bc3+ Kh6 {[%emt 0:00:04][%csl Gg2][%cal Rh3h1] Really sharp!} 26. Qxh3+ Bxh3 27. Kh2 Bg2 28. Rd7 {[%emt 0:00:15] aiming for Bg7+.} Rf5 (28... Kh5 $15 29. Rxh7+ Kg4) 29. Bd2+ $11 g5 30. Re1 {[%emt 0:00:48] Against Re8} Rxc5 ({Black should try} 30... Kg6 $14) 31. Kg3 (31. Re6+ $1 $16 Kh5 32. Be3 Rxc4 33. Rxh7+ Kg4 34. Rg6 (34. Rxa7 {is a self mate.} Rh8+)) 31... Kh5 32. Re4 {[%emt 0:06:06][%cal Od2c3][%mdl 1024] Bc3! is the strong threat. White has compensation.} h6 33. Rd6 {[%emt 0:01:17] Bc3 would now be deadly.} Rh8 34. Be3 Ra5 {[%emt 0:00:09][%mdl 8192] [#]} (34... Rf5 $11) 35. Ree6 $2 (35. Bd4 $1 $18 Rh7 36. Ree6) 35... c5 (35... Rxa2 $2 {too greedy.} 36. Bd4 $18) 36. Rd2 {[%emt 0:02:02] [#]} (36. Rd5 $11) 36... Ra4 $1 $17 37. Rc2 (37. Re4 $17) 37... Rf8 $19 38. Rc6 $2 (38. Re7) 38... Re8 {[%emt 0:00:10] ( -> ...Re4)} 39. Bxg5 hxg5 {[%emt 0:00:16] Weighted Error Value: White=0.51/Black=0.30.  Loses game:     	White=1     	Black=1      Missed win:     	White=1     	---        Mistake:       	White=3     	Black=4      Inaccurate:     	White=4     	Black=1      OK:         	White=13    	Black=9      Best:        	---       	Black=5      Strong:       	White=5     	Black=2} 0-1

[Event "Budapest Chess Festival 2024"]
[Site "Budapest"]
[Date "2024.05.28"]
[Round "6.5"]
[White "Kadric, Denis"]
[Black "Stefansson, Vignir Vatnar"]
[Result "1-0"]
[ECO "B27"]
[WhiteElo "2558"]
[BlackElo "2463"]
[Annotator "TA"]
[PlyCount "41"]
[EventDate "2024.05.20"]
[EventType "swiss"]
[EventCountry "HUN"]
[SourceTitle "playchess.com"]
[Source "ChessBase"]
[SourceQuality "1"]
[TimeControl "40/5400+30:1800+30"]

1. e4 c5 2. Nf3 g6 3. c3 d5 4. e5 Nc6 5. d4 Bg4 6. Bb5 Qb6 7. Bxc6+ Qxc6 8. O-O {[%emt 0:01:18] White has an edge.} f6 (8... Bxf3 $11 9. Qxf3 e6) 9. Nbd2 fxe5 10. h3 Bxf3 11. Nxf3 exd4 12. cxd4 Bg7 13. dxc5 {[%emt 0:00:04] Threatens to win with Re1.} Qxc5 (13... Nf6 $1 $14) 14. Re1 $16 {[%emt 0:17:14] aiming for Ng5.} Qd6 15. Qb3 {[%emt 0:13:33][%mdl 1024] White has strong compensation. White is more active.} b6 $2 {[%emt 0:06:57] [#] This costs Black the game.} (15... Qb6 $16 {is a better defense.}) 16. Bd2 {[%emt 0:00:17] Strongly threatening Rac1.} Bf6 (16... Rc8 {might work better.} 17. Bb4 Qc6) 17. Bb4 $18 Qd7 18. Rad1 Rd8 19. Ne5 Qb7 20. Qf3 {[%emt 0:05:04] [#] Ng4 would now be deadly.} e6 (20... Bxe5 $142 21. Rxe5 Rd7 22. Rexd5 (22. Rdxd5 h5 $18) 22... Rxd5) 21. Qg4 {[%emt 0:01:48] Weighted Error Value: White=0.08 (flawless) /Black=0.40.  Loses game:     	---       	Black=1      Mistake:       	---       	Black=4      Inaccurate:     	---       	Black=1      OK:         	White=9     	Black=1      Best:        	---       	Black=1} 1-0

[Event "Budapest Chess Festival 2024"]
[Site "Budapest"]
[Date "2024.05.28"]
[Round "6.6"]
[White "Samunenkov, Ihor"]
[Black "Cabarkapa, Novak"]
[Result "1/2-1/2"]
[ECO "A45"]
[WhiteElo "2547"]
[BlackElo "2444"]
[Annotator "TA"]
[PlyCount "71"]
[EventDate "2024.05.20"]
[EventType "swiss"]
[EventCountry "HUN"]
[SourceTitle "playchess.com"]
[Source "ChessBase"]
[SourceQuality "1"]
[TimeControl "40/5400+30:1800+30"]

1. d4 Nf6 2. g3 d6 3. Bg2 e5 4. dxe5 dxe5 5. Qxd8+ Kxd8 6. Nf3 Nc6 7. b3 Bb4+ 8. c3 Be7 9. Bb2 {[%emt 0:05:52] White is slightly better.} Bf5 10. c4 Nd7 11. Nc3 Nb4 (11... a5 $11) 12. O-O-O Kc8 13. e4 $1 Bg4 14. h3 Bxf3 15. Bxf3 h5 {[%emt 0:00:03] Dodges Bg4} 16. Nd5 Bc5 (16... Nxd5 $1 $14 17. exd5 (17. cxd5 a5 $11) (17. Rxd5 c6 $11) 17... a5) 17. Nxb4 $18 Bxb4 18. a3 (18. g4 $18) 18... Be7 $16 19. h4 a5 20. Bg2 {[%emt 0:01:35] Strongly threatening Bh3.} Nc5 21. Bxe5 f6 22. Bb2 {[%emt 0:00:11] Threatens to win with Kc2.} Nxb3+ 23. Kc2 Nc5 24. e5 {[%emt 0:03:15] aiming for exf6.} Ra6 (24... f5 $1 $11) 25. exf6 {[%emt 0:02:28] White is more active.} Bxf6 {[%emt 0:00:15] [#]} 26. Rd5 $1 Na4 27. Bxf6 Rxf6 {[%emt 0:00:12] [#]} 28. Rd2 (28. Kb3 $1 $16 Nb6 29. Rd2) 28... Rhf8 $11 {[%emt 0:05:44] The position is equal.} 29. f4 Rb6 {[%emt 0:09:01] White must now prevent ...Rb2+.} 30. Re1 Rb2+ $1 31. Kc1 Rb3 32. Re5 $1 Rxa3 (32... Rxg3 33. Rxa5 Nb6 (33... Rxa3 34. Ra8#) 34. c5 $18) 33. Rxa5 Ra1+ 34. Kc2 Ra2+ 35. Kc1 Ra1+ 36. Kc2 {[%emt 0:00:06] Black defended with fortune.   Weighted Error Value: White=0.11 (very precise) /Black=0.15 (very precise) .  Mistake:       	White=2     	Black=3      Inaccurate:     	White=1     	---        OK:         	White=8     	Black=11     Best:        	White=5     	Black=5      Strong:       	White=3     	Black=1} 1/2-1/2

[Event "Budapest Chess Festival 2024"]
[Site "Budapest"]
[Date "2024.05.28"]
[Round "6.7"]
[White "Kantor, Gergely"]
[Black "Juhasz, Agoston"]
[Result "1/2-1/2"]
[ECO "B94"]
[WhiteElo "2527"]
[BlackElo "2431"]
[Annotator "TA"]
[PlyCount "63"]
[EventDate "2024.05.20"]
[EventType "swiss"]
[EventCountry "HUN"]
[SourceTitle "playchess.com"]
[Source "ChessBase"]
[SourceQuality "1"]
[TimeControl "40/5400+30:1800+30"]

1. e4 c5 2. Nf3 d6 3. d4 cxd4 4. Nxd4 Nf6 5. Nc3 a6 6. Bg5 Nbd7 7. Qe2 h6 8. Bh4 g6 9. f4 {[%emt 0:01:09] aiming for e5. The position is equal.} e5 10. fxe5 dxe5 {[%emt 0:00:09] [#]} 11. O-O-O $1 Bg7 (11... exd4 12. e5 dxc3 (12... d3 $2 13. Rxd3 Qe7 14. Re3 $18) 13. exf6+ $18) (11... Qc7 12. Nb3) 12. Nb3 O-O 13. g4 b5 14. a3 Bb7 15. g5 {[%emt 0:04:35] White is more active.} hxg5 16. Bxg5 Qc7 17. h4 Nh5 18. Bh3 Ndf6 19. Qf3 {[%emt 0:03:14] Wards off Ng3} (19. Qe3 $1 $14) 19... Rad8 20. Kb1 Bc6 21. Rdg1 Rd6 22. Be3 Rb8 (22... Re8 $15) 23. Bc5 $1 $11 Rdd8 24. Bb4 Re8 (24... Qa7 $5) 25. Bg4 Nxg4 26. Rxg4 Rbc8 27. Rg5 Nf4 {[%emt 0:04:16] [#]} 28. h5 $1 Bh6 $1 {[%emt 0:04:05] [#]} 29. Qg4 Bxg5 $17 {[%emt 0:04:34] Black is better.} ({But not} 29... Bxe4 30. hxg6 Bxg5 (30... Bxh1 31. gxf7+ Kh8 32. Qh4 $18) 31. gxf7+ Kxf7 32. Rc1) 30. Qxg5 {[%emt 0:00:16] [#]} Bxe4 31. Rh2 Bf5 {[%emt 0:00:59] Strongly threatening ...Qb6.} 32. Qh6 $2 {[%emt 0:01:51][%mdl 32768] Weighted Error Value: White=0.17 (very precise) /Black=0.08 (flawless) .  Loses game:     	White=1     	---        Mistake:       	White=2     	Black=1      Inaccurate:     	---       	Black=1      OK:         	White=13    	Black=9      Best:        	---       	Black=1      Strong:       	White=1     	Black=1      Brilliant:      	---       	Black=1     . An unexpected result.} (32. hxg6 $17 fxg6 (32... Bxg6 33. Ne4 $14) 33. Nd2) 1/2-1/2

[Event "Budapest Chess Festival 2024"]
[Site "Budapest"]
[Date "2024.05.28"]
[Round "6.8"]
[White "Yaniv, Yuval"]
[Black "Vetoshko, Volodymyr"]
[Result "1-0"]
[ECO "C70"]
[WhiteElo "2337"]
[BlackElo "2505"]
[Annotator "RC"]
[PlyCount "157"]
[EventDate "2024.05.20"]
[EventType "swiss"]
[EventCountry "HUN"]
[SourceTitle "playchess.com"]
[Source "ChessBase"]
[SourceQuality "1"]
[TimeControl "40/5400+30:1800+30"]

1. e4 e5 2. Nf3 Nc6 3. Bb5 a6 4. Ba4 Nge7 5. Nc3 d6 6. O-O Ng6 7. Bxc6+ bxc6 8. d4 Bg4 9. Ne2 Bxf3 10. gxf3 Qf6 11. Qd3 Be7 12. Kh1 O-O 13. Rg1 Qe6 14. dxe5 dxe5 15. Qb3 Rab8 16. Qc3 Bb4 17. Qd3 Rfd8 18. Qe3 Qc4 19. Nc3 Nf4 20. Qe1 Nh3 21. Rf1 Bxc3 22. bxc3 Rd6 23. Ba3 Rf6 24. Qe3 h6 25. Be7 Rf4 26. Rfd1 Qe6 27. Bd8 Rb2 28. Qe2 Rxa2 29. Rxa2 Qxa2 30. Bxc7 f6 31. Bb6 Kh7 32. Be3 Rh4 33. c4 Nf4 34. Bxf4 Rxf4 35. Qd3 Qb2 36. Kg2 Rh4 37. Qb3 Qxb3 38. cxb3 f5 39. exf5 Rd4 40. Ra1 Rd3 41. Rxa6 Rxb3 42. Rxc6 Kg8 43. Rc7 Rc3 44. c5 Kf8 45. c6 h5 46. Rc8+ Ke7 47. c7 Kd6 48. Rd8+ Kxc7 49. Rg8 h4 50. Rxg7+ Kd8 51. h3 Ke8 52. Rh7 Rc4 53. f6 Kf8 54. Rh5 Rf4 55. Rxe5 Rxf6 56. Re4 Rh6 57. Rg4 Kf7 58. f4 Kf6 59. Kf3 Rh8 60. Rg5 Rh7 61. Kg4 Rh8 62. f5 Ra8 63. Rg6+ Kf7 64. Kxh4 Ra4+ 65. Kg3 Ra1 66. Rb6 Rg1+ 67. Kf3 Rh1 68. Kg2 Ra1 69. h4 Ra5 70. f6 Ra3 71. f3 Ra1 72. Kg3 Kg6 73. h5+ Kf7 74. Kg4 Rg1+ 75. Kf5 Rh1 76. Rb7+ Kf8 77. Rh7 Rh2 78. h6 Rh3 79. Ke6 1-0

[Event "Budapest Chess Festival 2024"]
[Site "Budapest"]
[Date "2024.05.28"]
[Round "6.9"]
[White "Popovic, Dusan"]
[Black "Arhan, Chethan Anand"]
[Result "1-0"]
[ECO "A06"]
[WhiteElo "2486"]
[BlackElo "2366"]
[Annotator "TA"]
[PlyCount "117"]
[EventDate "2024.05.20"]
[EventType "swiss"]
[EventCountry "HUN"]
[SourceTitle "playchess.com"]
[Source "ChessBase"]
[SourceQuality "1"]
[TimeControl "40/5400+30:1800+30"]

1. Nf3 d5 2. g3 Nd7 3. Bg2 e5 4. d3 Ngf6 5. O-O Bc5 6. c4 dxc4 7. dxc4 O-O 8. Nc3 h6 9. Na4 Bd6 10. Qc2 e4 11. Nd4 {[%emt 0:01:42][%cal Of1d1] White has an edge.} Nc5 12. Nb5 Nxa4 13. Nxd6 $1 Qxd6 14. Qxa4 Bg4 15. Re1 Qe6 16. Bf4 g5 17. Be3 Rfd8 (17... Bh3 $11 {keeps the balance.}) 18. Qb3 b6 19. Qc3 c5 20. b3 Rd7 21. Bc1 {[%emt 0:01:19] [#] And now f3 would win.} Rad8 22. Bb2 (22. h3 $16 Bf5 23. Bb2) 22... Rd4 $1 $11 23. e3 R4d6 24. Qxf6 Qxf6 25. Bxf6 Rxf6 26. Bxe4 Rd2 27. f4 $36 {[%emt 0:00:17][%mdl 2048] White fights for an advantage.} Rfd6 28. Bd5 gxf4 29. exf4 Be6 30. Red1 Rb2 31. Rd3 Bxd5 32. cxd5 {[%emt 0:00:10][%mdl 4096] Endgame. KRR-KRR} a5 33. a4 Re2 34. Rad1 {[%emt 0:00:33] White leaves nothing to chance now.} Kf8 35. R1d2 Re4 36. Kf2 Rb4 37. Rc2 b5 {[%emt 0:02:36] Wards off Rc4} (37... Ke7 $16 38. Rc4 Rd7) 38. axb5 $18 (38. Rxc5 bxa4 39. bxa4 (39. Rxa5 axb3 40. Ra1 b2 $11) 39... Rxa4 $16) 38... Rxb5 39. Kf3 f5 40. Re2 Rdb6 (40... Kf7 $142 41. Re5 Kf6) 41. Ree3 Rb4 42. d6 {[%emt 0:04:50] Black must now prevent d7.} Rd4 $2 (42... Rb8 $18 43. Re5 Kg7 44. Rxf5 (44. Rxc5 Rxb3 45. Re3 Rxe3+ 46. Kxe3 Rd8 $18) (44. d7 Rd8 $18) 44... Rxb3 45. Rxb3 Rxb3+ 46. Ke4 Rb8 47. Rxc5 a4) 43. d7 (43. Rxd4 $142 cxd4 44. d7 Rb8 45. Re5 (45. Rd3 Ke7 $14) 45... Rxb3+ 46. Ke2 Rb8 47. Rxa5 Ke7 48. Rd5 (48. Rxf5 Kxd7 49. Kd3 Rb6 $18)) 43... Rb8 44. Rxd4 {[%emt 0:15:40] White mates.} cxd4 {[%emt 0:00:05] [#]} 45. Re8+ $1 Rxe8 46. dxe8=Q+ Kxe8 47. g4 fxg4+ 48. Kxg4 {[%emt 0:00:06] K3P-K3P} ({Inferior is} 48. Ke4 h5 49. Kxd4 h4 $11) 48... Ke7 49. Kf3 Kd6 50. Ke4 Kc5 51. f5 d3 52. Kxd3 {[%emt 0:00:22] K3P-KPP} Kd5 53. f6 Ke6 54. Kc4 Kxf6 55. Kb5 Kg5 56. Kxa5 Kg4 57. b4 Kh3 58. b5 Kxh2 59. b6 {[%emt 0:00:02] Weighted Error Value: White=0.06 (flawless) /Black=0.35.  Mistake:       	White=2     	Black=4      Inaccurate:     	White=1     	Black=6      OK:         	White=14    	Black=11     Best:        	White=4     	Black=1      Strong:       	White=1     	Black=1} 1-0